 Dungeon Crawl Stone Soup version 0.30-a0-596-g0af90f9a20 (webtiles) character file.

Game seed: 7244399115524240883

105 gelatine the Chopper (level 4, 0/34 HPs)
             Began as a Demonspawn Gladiator on Jan 6, 2023.
             Slain by a gnoll
             ... wielding a +0 spear
              (5 damage)
             ... on level 3 of the Dungeon.
             The game lasted 00:05:37 (2240 turns).

gelatine the Chopper (Demonspawn Gladiator)         Turns: 2240, Time: 00:05:38

Health: 0/34       AC:  5    Str: 16    XL:     4   Next: 53%
Magic:  4/4        EV: 12    Int:  9    God:
Gold:   100        SH:  0    Dex: 15    Spells: 3/3 levels left

rFire   . . .      SeeInvis .    a - +0 war axe
rCold   . . .      Faith    .    (no shield)
rNeg    . . .      Spirit   .    b - +0 leather armour
rPois   .          Reflect  .    (helmet restricted)
rElec   .          Harm     .    (no cloak)
rCorr   .          Rampage  .    u - +0 pair of gloves
Will    .....                    w - +0 pair of boots
Stlth   +                        (no amulet)
HPRegen 0.25/turn                s - ring of flight
MPRegen 0.09/turn                (no ring)

@: flying
A: antennae 1, demonic guardian 1
a: no special abilities


You were on level 3 of the Dungeon.
You visited 1 branch of the dungeon, and saw 3 of its levels.

You collected 143 gold pieces.
You spent 43 gold pieces at shops.

Inventory:

Hand Weapons
 a - a +0 war axe (weapon)
 v - a +0 hand axe of electrocution
Missiles
 d - 2 throwing nets (quivered)
 e - a javelin
Armour
 b - a +0 leather armour (worn)
 u - a +0 pair of gloves (worn)
 w - a +0 pair of boots (worn)
Jewellery
 s - a ring of flight (left hand)
Wands
 c - a wand of polymorph (10)
Scrolls
 g - a scroll of fear
 i - 3 scrolls of teleportation
 m - a scroll of vulnerability {unknown}
 o - a scroll of immolation {unknown}
 p - a scroll of summoning {unknown}
 q - a scroll of blinking {unknown}
 t - a scroll of identify
Potions
 f - 2 potions of attraction {unknown}
 h - a potion of resistance
 j - 3 potions of flight {unknown}
 k - 3 potions of heal wounds {unknown}
 l - 3 potions of curing
 n - 2 potions of ambrosia
 r - 2 potions of might {unknown}


   Skills:
 * Level 2.5 Fighting
 * Level 3.7 Axes
 + Level 2.0 Throwing
 * Level 1.5 Armour
 * Level 3.1 Dodging


You had 3 spell levels left.
You didn't know any spells.
Your spell library was empty.

Dungeon Overview and Level Annotations

Branches:
Dungeon (3/15)

Altars:

Shops:
D:1 *


Innate Abilities, Weirdness & Mutations

You have a pair of small antennae on your head.
A weak demonic guardian rushes to your aid.


Message History

You sense a monster nearby.
You now have 100 gold pieces (gained 9).
Found a stone staircase leading down.
There is a stone staircase leading down here.
You reach down and open the door.
There is an open door here.
As you open the door, it creaks loudly! 3 gnolls come into view.
The gnoll shouts! x2; You hear a shout!
A gnoll comes into view. It is wielding a +0 club.
The gnoll shouts!
The gnoll hits you with a +0 whip.
There is an open door here.
You closely miss the gnoll. You slash the gnoll!
The gnoll is severely wounded.
The gnoll closely misses you.
You hit the gnoll.
You kill the gnoll!
You hit the gnoll.
The gnoll is lightly wounded.
The gnoll hits you with a +0 whip. The gnoll barely misses you.
The gnoll hits you from afar with a +0 spear.
The gnoll misses you.
You completely miss the gnoll. The gnoll barely misses you.
The gnoll hits you from afar with a +0 spear.
You slash the gnoll!
The gnoll is severely wounded.
The gnoll hits you with a +0 whip.
The gnoll hits you from afar with a +0 spear!
You hit the gnoll.
The gnoll is almost dead.
The gnoll barely misses you. x2
The gnoll hits you from afar with a +0 spear!
* * * LOW HITPOINT WARNING * * *
A demonic guardian appears!
The gnoll closely misses you.
You barely miss the gnoll.
The gnoll is almost dead.
The gnoll hits you from afar with a +0 spear.
You die...

#.#'#####.#....#....#..........#
#.........#.##.#.>..#......<...#
'............#.#....##'####....#
#....##.....)..#....##.# #....#
##..........))......##.# #....##
##.#................##'####....##
.#.#...........5......[...#......
.#.#....#######...........###.###
.#.............#@###......# .#..
.#...........#.#g# #......###+#'#
.#........####.#g# #.†..†.#......
.####..........#g###......#......
....'..........#.#........#......
#####..........#.##..............
'..............#.#...............
################.#...............
# #..#............


You could see 3 gnolls and a friendly white imp (summoned).

Vanquished Creatures
  3 adders
  A gnoll (D:3)
  3 dart slugs
  4 orcs (D:3)
  5 endoplasms
  3 giant cockroaches
  4 goblins
  7 hobgoblins
  5 jackals
  A kobold (D:2)
  3 quokkas (D:1)
  4 ball pythons
  2 bats (D:1)
  A frilled lizard (D:1)
  7 rats
53 creatures vanquished.

Notes
Turn   | Place    | Note
-------+----------+-------------------------------------------
     0 | D:1      | gelatine the Demonspawn Gladiator began the quest for the
                  | Orb.
     0 | D:1      | Reached XP level 1. HP: 16/16 MP: 1/1
    41 | D:1      | Gained mutation: A weak demonic guardian rushes to your
                  | aid. [demonic ancestry]
    41 | D:1      | Reached XP level 2. HP: 13/22 MP: 2/2
   399 | D:1      | Found a faded altar of an unknown god.
   585 | D:1      | Reached XP level 3. HP: 27/27 MP: 3/3
   596 | D:1      | Found Ephodghe's Assorted Antiques.
   603 | D:1      | Bought a scroll labelled MUENWAGYSHR VEOBEU for 15 gold
                  | pieces
   603 | D:1      | Bought a scroll labelled JIFOMOH WARUSE for 15 gold pieces
   603 | D:1      | Bought a brown potion for 13 gold pieces
  1755 | D:3      | Reached skill level 1 in Armour
  1755 | D:3      | Gained mutation: You have a pair of small antennae on your
                  | head. [demonic ancestry]
  1755 | D:3      | Reached XP level 4. HP: 33/33 MP: 4/4
  2240 | D:3      | Slain by a gnoll

Illustrated notes

Levels and vault maps discovered:
D:1:      dpeg_arrival_another_circle, layout_rooms, serial_shops, shop,
          hellmonk_ecumenical_altar_zigzags
D:2:      layout_basic
D:3:      layout_basic

Skill      XL: |  1  2  3 |
---------------+----------+-----
Axes           | 3 |  3.7
Dodging        | 3 |  3.1
Throwing       | 2 |  2.0
Armour         | 1 |  1.5
Fighting       | |  2.5

Action                   |  1- 3 |  4- 6 || total
-------------------------+-------+-------++-------
Melee: War axe           |   116 |    24 ||   140
Throw: Throwing net      |     2 |       ||     2
  Use: Scroll            |     5 |       ||     5
 Stab: Sleeping          |     1 |     1 ||     2
       Held in net/web   |     1 |       ||     1
Armor: Leather armour    |    43 |     4 ||    47
Dodge: Dodged            |    93 |    15 ||   108

Table legend: (Time is in decaauts)
 A = Elapsed time spent in this place.
 B = Non-inter-level travel time spent in this place.
 C = Inter-level travel time spent in this place.
 D = Time resting spent in this place.
 E = Time spent auto-exploring this place.
 F = Levels seen in this place.
 G = Mean time per level.
                   A        B        C        D        E       F      G
               +--------+--------+--------+--------+--------+-----+--------+
         Total |   2284 |   2190 |     94 |      0 |   1669 |   3 |  761.3 |
       Dungeon |   2284 |   2190 |     94 |      0 |   1669 |   3 |  761.3 |
               +--------+--------+--------+--------+--------+-----+--------+

Top non-repeatable levels by time:
     D:2: 953 daAuts
     D:1: 690 daAuts
     D:3: 640 daAuts
